 Dungeon Crawl Stone Soup version 0.31-a0-233-g139696dc86 (webtiles) character file.

Game seed: 14311849870137548628

136587 Demosthentine the Unforgettable (level 16, 0/122 HPs)
             Began as a Demonspawn Gladiator on July 7, 2023.
             Was the Champion of Hepliaklqana.
             Killed from afar by rocky1's ghost (38 damage)
             ... with a freezing blast
             ... on level 1 of the Spider Nest.
             The game lasted 00:44:26 (22865 turns).

Demosthentine the Unforgettable (DsGl)             Turns: 22865, Time: 00:44:27

Health: 0/122      AC: 13    Str: 20    XL:     16   Next: 67%
Magic:  28/28      EV: 23    Int:  8    God:    Hepliaklqana [******]
Gold:   2859       SH: 10    Dex: 23    Spells: 15/15 levels left

rFire   + . .        P - +6 spear "Beetlebane" {freeze, *Noise rF+ Dex+3}
rCold   . . .        y - +0 buckler
rNeg    . . .        f - +0 troll leather armour
rPois   .            c - +0 helmet
rElec   .            e - scarf {repulsion}
rCorr   +            T - +0 pair of gloves {Str+3}
SInv    .            (boots unavailable)
Will    ++...        d - amulet of regeneration
Stlth   ++           Q - ring of resist corrosion
HPRegen 2.00/turn    k - ring of willpower
MPRegen 0.42/turn

%: repel missiles
@: mighty
A: reduced essence, hooves 3, icemail 1, magic regeneration, sharp scales 2,
condensation shield, dopey 1
a: Renounce Religion, Recall Ancestor, Ancestor Identity, Transference, Idealise


You were on level 1 of the Spider Nest.
You worshipped Hepliaklqana.
Hepliaklqana was exalted by your worship.
You visited 5 branches of the dungeon, and saw 24 of its levels.
You also visited: Ossuary, Gauntlet, Ice Cave and Volcano.

You collected 3661 gold pieces.
You spent 802 gold pieces at shops.

Inventory:

Hand Weapons
 P - the +6 spear "Beetlebane" (weapon) {freeze, *Noise rF+ Dex+3}
   (You took it off a spriggan on level 11 of the Dungeon)

   Dex:       It affects your dexterity (+3).
   rF:        It protects you from fire.
   *Noise:    It may make noises in combat.
Missiles
 i - a throwing net
 t - 4 curare-tipped darts
Armour
 c - a +0 helmet (worn)
 e - a scarf of repulsion (worn)
 f - a +0 troll leather armour (worn)
 w - a scarf of resistance
 y - a +0 buckler (worn)
 T - a +0 pair of gloves of strength (worn)
Jewellery
 d - an amulet of regeneration (around neck)
 g - an amulet of reflection
 k - a ring of willpower (right hand)
 m - a ring of magical power
 s - a ring of magical power
 A - a ring of protection from cold
 J - a ring of see invisible
 Q - a ring of resist corrosion (left hand)
Wands
 b - a wand of digging (1)
 h - a wand of charming (4)
 q - a wand of flame (23)
 H - a wand of iceblast (17)
 N - a wand of quicksilver (4)
Scrolls
 j - a scroll of revelation
 l - a scroll of butterflies
 n - a scroll of enchant armour
 o - 6 scrolls of fear
 p - a scroll of acquirement {unknown}
 r - 3 scrolls of teleportation
 I - 2 scrolls of blinking
 M - 10 scrolls of identify
Potions
 a - a potion of magic
 v - a potion of invisibility
 C - 6 potions of haste
 D - 5 potions of cancellation
 F - 2 potions of resistance
 G - 13 potions of curing
 O - a potion of heal wounds
 R - a potion of might


   Skills:
 + Level 15.4 Fighting
 + Level 14.4 Polearms
 - Level 1.7 Throwing
 - Level 6.1 Armour
 + Level 14.4 Dodging
 - Level 4.1 Shields
 + Level 17.6 Invocations


You had 15 spell levels left.
You didn't know any spells.
Your spell library contained the following spells:

 Spells                   Type           Power      Damage    Failure   Level
 Beastly Appendage        Tmut           0%         N/A       52%         1
 Foxfire                  Conj/Fire      0%         2x1d4     52%         1
 Freeze                   Ice            0%         1d3       52%         1
 Slow                     Hex            0%         N/A       52%         1
 Ensorcelled Hibernation  Hex/Ice        0%         N/A       67%         2
 Lesser Beckoning         Tloc           0%         N/A       67%         2
 Passwall                 Tmut/Erth      0%         N/A       67%         2
 Scorch                   Fire           0%         2d5       67%         2
 Wereblood                Tmut           0%         N/A       67%         2
 Confusing Touch          Hex            0%         N/A       88%         3
 Dazzling Flash           Conj/Hex       0%         N/A       88%         3
 Frozen Ramparts          Ice            0%         1d1       88%         3
 Gell's Gravitas          Tloc           0%         N/A       88%         3
 Hailstorm                Conj/Ice       0%         3d3       88%         3
 Ignite Poison            Fire/Tmut/Pois 0%         N/A       88%         3
 Inner Flame              Hex/Fire       0%         N/A       88%         3
 Mephitic Cloud           Conj/Pois/Air  0%         N/A       88%         3
 Spider Form              Tmut/Pois      0%         N/A       88%         3
 Stone Arrow              Conj/Erth      0%         3d7       88%         3
 Swiftness                Air            0%         N/A       88%         3
 Teleport Other           Tloc           0%         N/A       88%         3
 Vampiric Draining        Necr           0%         2d6       88%         3
 Vhi's Electric Charge    Tloc/Air       0%         N/A       88%         3
 Volatile Blastmotes      Fire/Tloc      0%         2d10      88%         3
 Animate Armour           Summ/Erth      0%         N/A       99%         4
 Flame Wave               Conj/Fire      0%         2d4       99%         4
 Manifold Assault         Tloc           0%         N/A       99%         4
 Olgreb's Toxic Radiance  Pois           0%         N/A       99%         4
 Sticky Flame             Conj/Fire      0%         2d3       99%         4
 Agony                    Necr           0%         N/A       100%        5
 Arcjolt                  Conj/Air       0%         1d10      100%        5
 Blade Hands              Tmut           0%         N/A       100%        5
 Fireball                 Conj/Fire      0%         3d3       100%        5
 Silence                  Hex/Air        0%         N/A       100%        5
 Yara's Violent Unravell  Hex/Tmut       0%         3d3       100%        5
 Dispersal                Tloc           0%         N/A       100%        6
 Eringya's Noxious Bog    Tmut/Pois      0%         4d6       100%        6
 Plasma Beam              Fire/Air       0%         2x1d10    100%        6
 Starburst                Conj/Fire      0%         6d3       100%        6
 Statue Form              Tmut/Erth      0%         N/A       100%        6
 Summon Cactus Giant      Summ           0%         N/A       100%        6
 Dragon Form              Tmut           0%         N/A       100%        7
 Enfeeble                 Hex            0%         N/A       100%        7
 Storm Form               Tmut/Air       0%         N/A       100%        7
 Discord                  Hex            0%         N/A       100%        8
 Disjunction              Tloc           0%         N/A       100%        8
 Ignition                 Fire           0%         3d3       100%        8
 Lehudib's Crystal Spear  Conj/Erth      0%         10d2      100%        8
 Chain Lightning          Conj/Air       0%         N/A       100%        9


Dungeon Overview and Level Annotations

Branches:
Dungeon (15/15)            Temple (1/1) D:7            Lair (5/5) D:8
  Swamp (0/4) Lair:3       Spider (1/4) Lair:3        Slime (0/5) Lair:5
    Orc (2/2) D:9             Elf (0/3) Orc:2        Vaults (0/5) D:14
 Depths (0/4) D:15        Ossuary (visited)           IceCv (visited)
Volcano (visited)         Gauntlet (visited)

Altars:
Ashenzari
Cheibriados
Dithmenos
Fedhas
Gozag
Hepliaklqana
Kikubaaqudgha
Makhleb
Nemelex Xobeh
Okawaru
Qazlal
Ru
Sif Muna
Trog
Uskayaw
Vehumet
Wu Jian
Xom
Yredelemnul
Jiyva

Shops:
D:5 !   D:10 !   Orc:2 *?(**(

Portals:
Trove: D:11 (show slimy rune of Zot)

Annotations:
D:9 2 transporters
D:10 3 runed translucent doors, NightmareEGirl's ghost, novice GrFi
Spider:1 rocky1's ghost, journeyman DEEE


Innate Abilities, Weirdness & Mutations

Your life essence is reduced to manifest your ancestor. (-10% HP)
You have hooves in place of feet.
A meltable icy envelope protects you from harm. (AC +4)
You regenerate magic rapidly.
You are mostly covered in razor-sharp scales. (AC +2, Slay +2)
A meltable shield of frost defends you. (SH +4)
You are dopey. (Int -2)


Message History

Edwyna is engulfed in freezing vapours.
Edwyna points at rocky1's ghost and mumbles some strange words.
Rocky1's ghost resists with almost no effort.
Rocky1's ghost gestures at you while chanting.
The freezing blast misses you.
You feel very mighty all of a sudden.
You are engulfed in freezing vapours.
* * * LOW HITPOINT WARNING * * *
You feel sick.
Edwyna is engulfed in freezing vapours.
Edwyna hits rocky1's ghost with a +0 dagger of draining.
Rocky1's ghost hits you.
* * * LOW HITPOINT WARNING * * *
Edwyna is engulfed in freezing vapours.
Edwyna barely misses rocky1's ghost.
Unknown command.
You hit rocky1's ghost but do no damage.
Your kick misses rocky1's ghost.
Rocky1's ghost is heavily damaged.
You feel sick.
You are no longer poisoned.
Edwyna is engulfed in freezing vapours.
Edwyna misses rocky1's ghost.
Unknown command.
You hit rocky1's ghost but do no damage.
Your kick misses rocky1's ghost.
Rocky1's ghost is heavily damaged.
You block rocky1's ghost's attack.
Edwyna gestures at rocky1's ghost while chanting.
Rocky1's ghost resists with almost no effort.
Unknown command.
You barely miss rocky1's ghost. You kick rocky1's ghost!
Rocky1's ghost is heavily damaged.
Rocky1's ghost misses you.
Edwyna barely misses rocky1's ghost.
You miss rocky1's ghost. Your kick misses rocky1's ghost.
Rocky1's ghost is heavily damaged.
Edwyna misses rocky1's ghost.
Unknown command.
You puncture rocky1's ghost! You kick rocky1's ghost!
Rocky1's ghost is almost destroyed.
Rocky1's ghost points at you and mumbles some strange words.
The freezing blast engulfs you!!!
You die...

##...#...##⌠##...##
###.......##...##...#
#........##..?..##..##
####^.##....#⌠.?♣!.⌠#...#
...##..#....##.....##...#
......#......##...##....#
##.....####...##.##...#.#
..###.....##...#W#......#
......#.....#..R@...#..##
##...##.....#......##.##
#^..#...#...#....####.#
#..#~...##..#..<......#
#...##..#.....#.....###
###..^..#.##.......##
#...##.^...####)...# ###
##...##....#..###..#######.##
#.......##.....#..##...##..#


You could see the friendly Edwyna the hexer and rocky1's ghost (ally target).

Vanquished Creatures
  An orc warlord (Orc:1)
  A stone giant (D:15)
  A minotaur (Gauntlet)
  The ghost of Shard1697 the Basher, a journeyman AtFi of Makhleb (D:11)
  Josephine (Orc:1)
  Erolcha (Orc:2)
  A hell beast (Gauntlet)
  8 hydras
  3 ogre magi
  4 catoblepae
  3 centaur warriors
  An anaconda (Lair:1)
  An alligator (Lair:1)
  11 two-headed ogres
  7 death yaks
  2 tengu warriors
  A demonic crawler (Spider:1)
  Nergalle (Lair:1)
  Amaemon (Lair:3)
  2 skysharks
  A skeletal warrior (Volcano)
  2 orb spiders (Spider:1)
  2 lindwurms (Lair:5)
  4 orc knights
  An anaconda skeleton (Volcano)
  13 ugly things
  2 orc sorcerers
  An oklob plant (Lair:3)
  3 manticores
  A deep elf pyromancer (D:15)
  2 cyclopes (D:15)
  5 wolf spiders
  4 elephants
  2 ice statues (IceCv)
  16 black mambas
  7 gargoyles
  2 unseen horror zombies (D:9)
  An orange demon (Lair:3)
  16 cane toads
  6 torpor snails
  5 kobold demonologists
  An unseen horror (D:13)
  5 yaktaurs (D:14)
  A tengu conjurer (D:12)
  13 rime drakes
  5 komodo dragons
  6 trolls
  A tyrant leech (Lair:5)
  4 polar bears
  21 blink frogs
  A wolf spider simulacrum (Gauntlet)
  9 hornets
  2 harpy skeletons (Volcano)
  7 tarantellas
  3 jumping spiders (Spider:1)
  8 slime creatures
  5 culicivoras (Spider:1)
  A shadow (D:11)
  3 centaur simulacra
  3 flying skulls (Volcano)
  3 spriggans (D:11)
  38 yaks
  5 wraiths
  21 wyverns
  2 basilisks
  6 vampire mosquitoes
  A steam dragon (D:9)
  10 redbacks
  5 wargs
  11 water moccasins
  A hydra simulacrum (Gauntlet)
  A floating eye (D:9)
  3 hell hounds
  A hornet zombie (D:9)
  39 orc warriors
  An ice beast (D:6)
  A sky beast (D:7)
  2 black bears
  18 ogres
  16 centaurs
  18 wolves
  2 phantoms
  6 kobold brigands
  11 bullfrogs
  2 scorpions (D:5)
  A wight (D:9)
  5 killer bees
  A lindwurm simulacrum (IceCv)
  A vampire bat (D:4)
  3 howler monkeys
  A spriggan skeleton (Volcano)
  2 electric eels
  A hexer (D:12)
  3 centaur zombies (D:9)
  4 hounds
  8 komodo dragon simulacra (IceCv)
  4 jellies
  10 orc priests
  2 sleepcaps
  Terence (D:2)
  2 iguanas
  15 orc wizards
  17 hell rats
  9 mummies
  3 howler monkey zombies (D:9)
  7 gnolls
  4 acid dragon simulacra (IceCv)
  6 adders
  A white imp (D:8)
  5 steam dragon simulacra (IceCv)
  4 worms
  A dart slug (D:2)
  The ghost of Leavold the Scratcher, a weakling FeTm (D:4)
  66 orcs
  11 ball pythons
  3 bats
  4 bat skeletons (D:4)
  A bat zombie (D:4)
  5 endoplasms
  12 giant cockroaches
  3 gnoll zombies (Ossuary)
  12 goblins
  6 hobgoblins
  16 jackals
  16 kobolds
  2 quokkas
  2 frilled lizards (D:2)
  3 hobgoblin zombies (Ossuary)
  A kobold zombie (Ossuary)
  An orc zombie (Ossuary)
  9 rats
766 creatures vanquished.

Vanquished Creatures (collateral kills)
  Gastronok (D:12)
  A dire elephant (Lair:1)
  A fire dragon (Lair:5)
  An ice dragon (IceCv)
  2 hydras
  3 catoblepae
  2 two-headed ogres
  A tengu warrior (D:15)
  A demonic crawler (Spider:1)
  A death yak (Lair:4)
  A skeletal warrior (Volcano)
  A pharaoh ant (Spider:1)
  2 orc knights
  4 ugly things
  A deep elf pyromancer (D:12)
  A manticore (D:12)
  Maurice (Orc:2)
  A slime creature (D:15)
  A black mamba (Lair:4)
  A guardian serpent (Lair:5)
  A gargoyle (Volcano)
  3 cane toads
  An unseen horror (D:11)
  2 kobold demonologists
  A komodo dragon (Lair:5)
  A tengu conjurer (D:15)
  A rime drake (IceCv)
  2 tyrant leeches (Lair:5)
  A tarantella (Spider:1)
  A troll (D:12)
  2 blink frogs
  2 hornets (Lair:5)
  A jumping spider (Spider:1)
  A vampire (D:14)
  2 culicivoras (Spider:1)
  A shadow (D:13)
  10 yaks
  3 wraiths
  3 wyverns (Lair:5)
  3 basilisks
  4 vampire mosquitoes
  4 redbacks
  5 water moccasins
  9 orc warriors
  An ogre (D:14)
  5 wolves
  3 centaurs
  A kobold brigand (D:9)
  A scorpion (Lair:1)
  A gnoll sergeant (D:9)
  3 howler monkeys
  3 electric eels
  A troll skeleton (Volcano)
  A komodo dragon simulacrum (IceCv)
  5 orc wizards
  A hell rat (Lair:2)
  A howler monkey zombie (D:9)
  2 acid dragon simulacra (IceCv)
  A white imp (D:8)
  10 orcs
  A kobold (D:11)
133 creatures vanquished.

Vanquished Creatures (others)
  A hound (D:8)
  28 hexers
  5 ancestors
  An orc (Orc:1)
35 creatures vanquished.

Grand Total: 934 creatures vanquished

Notes
Turn   | Place    | Note
-------+----------+-------------------------------------------
     0 | D:1      | Demosthentine the Demonspawn Gladiator began the quest for
                  | the Orb.
     0 | D:1      | Reached XP level 1. HP: 16/16 MP: 1/1
   101 | D:1      | Gained mutation: You have large cloven feet. [demonic
                  | ancestry]
   101 | D:1      | Reached XP level 2. HP: 19/22 MP: 2/2
   209 | D:1      | Reached skill level 1 in Armour
   324 | D:1      | Reached XP level 3. HP: 28/28 MP: 3/3
   972 | D:2      | Noticed Terence
   989 | D:2      | Reached XP level 4. HP: 33/34 MP: 4/4
   995 | D:2      | Killed Terence
  1083 | D:2      | Found a faded altar of an unknown god.
  1127 | D:3      | Identified the +10 dagger "Byivaoro" {drain, Dex+2}
  1192 | D:3      | Gained mutation: You are vulnerable to cold. (rC-) [potion
                  | of mutation]
  1194 | D:3      | Lost mutation: You are vulnerable to cold. (rC-) [potion of
                  | mutation]
  1194 | D:3      | Gained mutation: You are dopey. (Int -2) [potion of
                  | mutation]
  1284 | D:3      | Found a broken altar of Ashenzari.
  1393 | D:3      | Reached XP level 5. HP: 41/41 MP: 5/5
  1811 | D:4      | Found a stormy altar of Qazlal.
  1953 | D:4      | HP: 2/41 [orc/+0 club (4)]
  1967 | D:4      | Gained mutation: A meltable shield of frost defends you.
                  | (SH +4) [demonic ancestry]
  1967 | D:4      | Reached XP level 6. HP: 13/47 MP: 6/6
  2025 | D:4      | Found a runed translucent door.
  2032 | D:4      | Noticed Leavold's ghost (weakling FeTm)
  2093 | D:4      | Found an ornate altar of the Wu Jian Council.
  2119 | D:4      | Found an opulent altar of Gozag.
  2399 | D:4      | Found an ancient bone altar of Kikubaaqudgha.
  2406 | D:4      | Gained mutation: You are partially covered in razor-sharp
                  | scales. (AC +1, Slay +1) [demonic ancestry]
  2406 | D:4      | Reached XP level 7. HP: 54/54 MP: 7/7
  2595 | D:4      | Identified the +0 ring mail "Iddaz" {+Blink rElec rC+}
  2688 | D:4      | Killed Leavold's ghost
  2720 | D:5      | Entered Level 5 of the Dungeon
  2873 | D:5      | Found a sand-covered staircase.
  2884 | Ossuary  | Entered an ossuary
  3221 | D:5      | Reached skill level 1 in Shields
  3260 | D:5      | Reached XP level 8. HP: 45/61 MP: 8/8
  3283 | D:5      | Reached skill level 5 in Dodging
  3326 | D:5      | Reached skill level 5 in Fighting
  3326 | D:5      | Reached skill level 5 in Polearms
  3377 | D:5      | Found Naohuap's Distillery.
  3380 | D:5      | Bought a potion of degeneration for 15 gold pieces
  3380 | D:5      | Bought a potion of curing for 45 gold pieces
  3380 | D:5      | Bought a potion of berserk rage for 75 gold pieces
  3645 | D:6      | Found a hazy altar of Hepliaklqana.
  3709 | D:6      | Became a worshipper of Hepliaklqana the Forgotten
  4242 | D:7      | Noticed a kobold demonologist
  4277 | D:7      | Killed a kobold demonologist
  4278 | D:7      | Reached skill level 5 in Armour
  4278 | D:7      | Reached XP level 9. HP: 41/69 MP: 9/9
  4312 | D:7      | Noticed a two-headed ogre
  4330 | D:7      | Killed a two-headed ogre
  4425 | D:7      | Found a staircase to the Ecumenical Temple.
  4504 | D:7      | Reached * piety under Hepliaklqana
  4668 | D:7      | Noticed a moth of wrath
  4877 | D:7      | Found a blossoming altar of Fedhas.
  4934 | D:7      | Found a bloodstained altar of Trog.
  5102 | Temple   | Entered the Ecumenical Temple
  5248 | D:8      | Found a shimmering altar of Xom.
  5248 | D:8      | Found a hide-covered altar of Uskayaw.
  5343 | D:8      | Noticed a troll
  5358 | D:8      | Found a staircase to the Lair.
  5371 | D:8      | Killed a troll
  5383 | D:8      | Gained mutation: You are mostly covered in razor-sharp
                  | scales. (AC +2, Slay +2) [demonic ancestry]
  5383 | D:8      | Reached XP level 10. HP: 71/71 MP: 10/10
  5542 | D:8      | Found a shadowy altar of Dithmenos.
  5741 | D:9      | Reached skill level 1 in Invocations
  5771 | D:9      | Reached skill level 2 in Invocations
  5887 | D:9      | Reached skill level 3 in Invocations
  5891 | D:9      | Noticed a two-headed ogre
  5896 | D:9      | Noticed a two-headed ogre
  5936 | D:9      | Killed a two-headed ogre
  5943 | D:9      | Reached skill level 4 in Invocations
  5984 | D:9      | Killed a two-headed ogre
  5994 | D:9      | Got the Precepts of the Winter and Transition
  6016 | D:9      | Reached skill level 5 in Invocations
  6106 | D:9      | Found a transporter.
  6111 | D:9      | Reached ** piety under Hepliaklqana
  6112 | D:9      | Remembered your ancestor Edwyna as a hexer
  6120 | D:9      | Found a basalt altar of Yredelemnul.
  6138 | D:9      | Gained mutation: You regenerate magic rapidly. [demonic
                  | ancestry]
  6138 | D:9      | Reached XP level 11. HP: 76/78 MP: 13/15
  6299 | D:9      | Found a snail-covered altar of Cheibriados.
  6337 | D:9      | Paralysed by a floating eye for 4 turns
  6339 | D:9      | Reached skill level 6 in Invocations
  6557 | D:9      | Found a staircase to the Orcish Mines.
  6594 | D:9      | Found a transporter.
  6845 | D:10     | Entered Level 10 of the Dungeon
  7165 | D:10     | Found Senkid's Distillery.
  7173 | D:10     | Bought a potion of heal wounds for 55 gold pieces
  7249 | D:10     | Noticed a two-headed ogre
  7258 | D:10     | Killed a two-headed ogre
  7259 | D:10     | Reached skill level 7 in Invocations
  7345 | D:10     | Reached *** piety under Hepliaklqana
  7511 | D:10     | Found a runed translucent gate.
  7511 | D:10     | Found a runed translucent gate.
  7511 | D:10     | Found an opulent altar of Gozag.
  7512 | D:10     | Found a runed translucent gate.
  7512 | D:10     | Noticed a centaur warrior
  7513 | D:10     | Noticed a two-headed ogre
  7513 | D:10     | Noticed a two-headed ogre
  7513 | D:10     | Noticed NightmareEGirl's ghost (novice GrFi)
  7513 | D:10     | Noticed a boulder beetle
  7738 | D:11     | Noticed a sixfirhy
  7787 | D:11     | Noticed a soul eater
  8024 | D:11     | Reached skill level 8 in Invocations
  8041 | D:11     | Noticed a purple ugly thing
  8051 | D:11     | Killed a purple ugly thing
  8084 | D:11     | Found a portal to a secret trove of treasure.
  8257 | D:11     | Found a runed translucent door.
  8260 | D:11     | Noticed a spriggan rider
  8260 | D:11     | Identified the +6 spear "Beetlebane" {freeze, *Noise rF+
                  | Dex+3}
  8260 | D:11     | Noticed Shard1697's ghost (journeyman AtFi)
  8946 | D:12     | Noticed Gastronok
  8963 | D:12     | Killed Gastronok
  8979 | D:12     | Gained mutation: You have hoof-like feet. [demonic
                  | ancestry]
  8979 | D:12     | Reached XP level 12. HP: 74/87 MP: 18/18
  9081 | D:12     | Reached skill level 10 in Fighting
  9088 | D:12     | Reached skill level 9 in Invocations
  9247 | D:12     | Reached **** piety under Hepliaklqana
  9604 | D:12     | Noticed a tengu warrior
  9617 | D:12     | Killed a tengu warrior
  9689 | D:12     | Identified the +5 eveningstar "Leutuah" {elec, rC+ Str+6}
  9969 | D:13     | Identified the +0 robe "Ahofehin" {Str+4}
 10090 | D:13     | Noticed a centaur warrior
 10091 | D:13     | Noticed a centaur warrior
 10098 | D:13     | Killed a centaur warrior
 10099 | D:13     | Reached skill level 10 in Invocations
 10114 | D:13     | Killed a centaur warrior
 10115 | D:13     | Reached skill level 10 in Polearms
 10115 | D:13     | Reached skill level 10 in Dodging
 10402 | D:13     | Noticed a two-headed ogre
 10409 | D:13     | Killed a two-headed ogre
 10758 | D:14     | Identified the +4 quarterstaff of Niazax {holy, *Noise
                  | rElec rF+}
 10777 | D:14     | Noticed a catoblepas
 10790 | D:14     | Killed a catoblepas
 10836 | D:14     | Noticed a centaur warrior
 10855 | D:14     | Killed a centaur warrior
 10915 | D:14     | Reached ***** piety under Hepliaklqana
 10990 | D:14     | Reached skill level 11 in Invocations
 11061 | D:14     | Noticed a two-headed ogre
 11062 | D:14     | Reached XP level 13. HP: 47/95 MP: 21/21
 11118 | D:14     | Paralysed by an ogre mage for 3 turns
 11164 | D:14     | Found a gate to the Vaults.
 11629 | D:15     | Entered Level 15 of the Dungeon
 11816 | D:14     | Reached skill level 12 in Invocations
 12228 | D:15     | Found a staircase to the Depths.
 12228 | D:15     | Noticed a stone giant
 12239 | D:15     | Killed a stone giant
 12359 | D:15     | Reached skill level 13 in Invocations
 12419 | D:15     | Reached XP level 14. HP: 59/104 MP: 23/23
 12882 | D:11     | Killed Shard1697's ghost
 13076 | Lair:1   | Entered Level 1 of the Lair of Beasts
 13805 | Lair:1   | Noticed Nergalle
 13815 | Lair:1   | Killed Nergalle
 13951 | Lair:1   | You fall into a shaft and drop 1 floor!
 13951 | Lair:2   | Found a frozen archway.
 13960 | Lair:2   | Reached skill level 14 in Invocations
 13966 | IceCv    | Entered an ice cave
 14047 | IceCv    | Identified the +7 dire flail of Somewhere Else {flame,
                  | *Noise rC- rN+++ Dex+4}
 14520 | Lair:2   | Found a gate leading to a gauntlet.
 14529 | Gauntlet | Entered a Gauntlet
 14529 | Gauntlet | Found a transporter.
 14529 | Gauntlet | Found a transporter.
 14536 | Gauntlet | Found a transporter.
 14539 | Gauntlet | Found a transporter.
 14541 | Gauntlet | Found a transporter.
 14549 | Gauntlet | Found a transporter.
 14615 | Gauntlet | Found a transporter.
 14635 | Gauntlet | Found a transporter.
 14640 | Gauntlet | Found a transporter.
 14650 | Gauntlet | Found a transporter.
 14665 | Gauntlet | Found a transporter.
 14667 | Gauntlet | Reached ****** piety under Hepliaklqana
 14671 | Gauntlet | Found a transporter.
 14842 | Gauntlet | Got the Writings on Plutonic Immolation
 14891 | Gauntlet | Got the Tractate on Entranced Anemomancy
 14893 | Gauntlet | Identified the +4 rapier of Qeph {flame, Fly rPois Will++
                  | Dex-3}
 14899 | Gauntlet | Got the Discursus on Sculpting
 15502 | Lair:2   | Got the Handbook of the Body and Toxicity
 15977 | Lair:3   | Found a staircase to the Swamp.
 16172 | Lair:3   | Gained mutation: A meltable icy envelope protects you from
                  | harm. (AC +4) [demonic ancestry]
 16172 | Lair:3   | Reached XP level 15. HP: 98/111 MP: 26/26
 16399 | Lair:3   | Noticed Amaemon
 16417 | Lair:3   | Killed Amaemon
 16418 | Lair:3   | Reached skill level 15 in Invocations
 16428 | Lair:3   | Found a hole to the Spider Nest.
 17774 | Lair:5   | Entered Level 5 of the Lair of Beasts
 18083 | Lair:5   | Reached skill level 16 in Invocations
 18367 | Lair:5   | Found a dark tunnel.
 18372 | Volcano  | Entered a volcano
 18943 | Lair:5   | Gained mutation: You have hooves in place of feet. [demonic
                  | ancestry]
 18943 | Lair:5   | Reached XP level 16. HP: 91/120 MP: 28/28
 18967 | Lair:5   | Found a runed translucent door.
 19107 | Lair:5   | Found a staircase to the Slime Pits.
 19108 | Lair:5   | Found a viscous altar of Jiyva.
 19698 | Lair:5   | Identified the +5 ring mail "Ezxos" {Harm Rampage}
 19851 | Lair:5   | Reached skill level 15 in Fighting
 20096 | Orc:1    | Entered Level 1 of the Orcish Mines
 20122 | Orc:1    | Noticed Josephine
 20289 | Orc:1    | Reached skill level 17 in Invocations
 20303 | Orc:1    | Killed Josephine
 20381 | Orc:2    | Entered Level 2 of the Orcish Mines
 20418 | Orc:2    | Found Oqemauga's Specific Store.
 20420 | Orc:2    | Found Nabah's General Store.
 20428 | Orc:2    | Bought a potion of curing for 51 gold pieces
 20473 | Orc:2    | Found a staircase to the Elven Halls.
 20600 | Orc:2    | Found Inibbiok's Firing Range.
 20605 | Orc:2    | Bought a throwing net for 42 gold pieces
 20655 | Orc:2    | Noticed Maurice
 20700 | Orc:2    | Killed Maurice
 20728 | Orc:2    | Noticed Erolcha
 20742 | Orc:2    | Killed Erolcha
 21568 | Orc:2    | Found Oguv's Weapon Boutique.
 21568 | Orc:2    | Found Faacilus's General Store.
 21570 | Orc:2    | Found Olienuff's General Store.
 21572 | Orc:2    | Found Yjoetrel's Magic Scroll Shop.
 21579 | Orc:2    | Bought a scroll of revelation for 75 gold pieces
 21584 | Orc:2    | Bought a scroll of brand weapon for 114 gold pieces
 21584 | Orc:2    | Bought a scroll of identify for 24 gold pieces
 21584 | Orc:2    | Bought 3 scrolls of enchant weapon for 270 gold pieces
 21584 | Orc:2    | Bought a scroll of teleportation for 36 gold pieces
 22090 | Lair:1   | Upgraded the game from 0.31-a0-232-gb1c03b2570 to
                  | 0.31-a0-233-g139696dc86
 22183 | Spider:1 | Entered Level 1 of the Spider Nest
 22183 | Spider:1 | Noticed rocky1's ghost (journeyman DEEE)
 22183 | Spider:1 | Found a runed translucent door.
 22865 | Spider:1 | Killed from afar by rocky1's ghost

Illustrated notes

Levels and vault maps discovered:
D:1:      dpeg_arrival_simpleton_c, layout_rooms, minmay_misc_feat_more_columns
D:2:      layout_rooms, dreamdust_ecumenical_altar_hidden_monk_grotto,
          uniq_terence
D:3:      minmay_roachtagon, layout_rooms, evilmike_ruin_ashenzari
D:4:      layout_cave_pools, mainiacjoe_overflow_small_starburst,
          kennysheep_vampire_church, lemuel_round_altar,
          nicolae_wu_jian_wuxing_cycle, ebering_ghost_inner_flame,
          minmay_ogre_servants
D:5:      layout_cave_pools, gup_ossuary_entry_pyramid, serial_shops,
          nicolae_shop_trees
D:6:      layout_loops_ring, general_overflow_altar,
          mainiacjoe_overflow_boulevard, st_stairs_12
D:7:      layout_rooms, kennysheep_mini, tso_altar, tgw_trog,
          minmay_temple_entry_ruins
D:8:      layout_cave_pools, nicolae_overflow_two_pavilions,
          grunt_dithmenos_smoke, erik_lair_island
D:9:      gammafunk_steamed_eel, layout_cross,
          mainiacjoe_overflow_concentric_impassable,
          nicolae_yredelemnul_corpse_copse, david_orc_3, onia_ninara_cookie
D:10:     layout_loops_corners, ebering_ghost_gozag, serial_shops, shop
D:11:     layout_roguey, ebering_ghost_funeral_grove, trove_entry_hex_spiral,
          nicolae_kite_square_tiling_tiny
D:12:     layout_grid_maze, kb_tengu_band, uniq_gastronok
D:13:     layout_basic, kennysheep_generic_room_11
D:14:     layout_small_grid, hangedman_vaults_entry_quadrant_bands
D:15:     grunt_enter_depths_snipers, layout_rooms, minmay_misc_feat_five
Temple:   nicolae_temple_great_sept
Lair:1:   layout_regular_city, nicolae_lair_lakeside_cave,
          infiniplex_staircase_pool_2, serial_bayou_shore_b, uniq_nergalle
Lair:2:   layout_cave_pods, gauntlet_entry_generic,
          portal_ice_cave_entry_pillars_1
Lair:3:   layout_regular_city, swamp_mist_pool, spider_nest_entry_rubble,
          minmay_lair_oklob_bushes, uniq_amaemon
Lair:4:   beast_lair_carwin_large_1, layout_regular_city,
          nicolae_lair_grazing_beasts [nicolae_sub_lair_graze_edge,
          nicolae_sub_lair_graze_edge, nicolae_sub_lair_graze_edge,
          nicolae_sub_lair_graze_edge]
Lair:5:   wormcave, layout_small_grid, hangedman_lair_tendril_chambers,
          slime_entry_1, enter_volcano_4, special_room
          [special_room_mythical_zoo], infiniplex_staircase_pool
Spider:1: layout_spider_delve, hellmonk_ghost_happy_afterlife
Orc:1:    layout_diamond_mine, uniq_josephine
Orc:2:    st_orc_rangers, layout_diamond_mine, nicolae_orc_pool_cavern,
          nicolae_orc_stony_grotto, nicolae_specific_store,
          nicolae_shop_firing_range, uniq_maurice, uniq_erolcha

Skill      XL: |  1  2  3  4  5  6  7  8  9 10 11 12 13 14 15 16 |
---------------+-------------------------------------------------+-----
Armour         | 1 2 3 5 6 |  6.1
Dodging        | 3 4 5 6 8 9 10 11 12 13 14 | 14.4
Polearms       | 3 4 5 6 8 9 10 11 12 13 14 | 14.4
Fighting       | 3 4 6 7 8 9 11 12 13 14 15 | 15.4
Shields        | 1 3 4 |  4.1
Invocations    | 5 8 11 13 14 16 17 | 17.6
Throwing       | |  1.7

Action                     |  1- 3 |  4- 6 |  7- 9 | 10-12 | 13-15 | 16-18 || total
---------------------------+-------+-------+-------+-------+-------+-------++-------
  Melee: Trident           |   128 |   206 |   445 |   788 |   484 |       ||  2051
         Kick              |    22 |    53 |   129 |   264 |   701 |   220 ||  1389
         Punch             |     1 |     1 |    10 |       |       |       ||    12
         Spear             |       |       |       |       |  1228 |   645 ||  1873
  Throw: Throwing net      |       |     1 |     2 |     2 |     5 |       ||    10
 Invoke: Recall Ancestor   |       |       |       |     1 |     5 |     1 ||     7
         Ancestor Life: He |       |       |       |     1 |       |       ||     1
  Evoke: Wand              |       |       |       |       |       |     1 ||     1
    Use: Scroll            |     1 |     5 |     7 |     9 |     5 |     2 ||    29
         Potion            |       |     3 |     2 |     7 |     9 |     2 ||    23
   Stab: Sleeping          |     3 |     2 |     2 |       |     2 |       ||     9
         Held in net/web   |       |       |     4 |     1 |     2 |       ||     7
         Distracted        |       |       |     2 |     8 |    29 |     6 ||    45
         Confused          |       |       |       |    14 |    30 |    10 ||    54
         Paralysed         |       |       |       |       |    39 |    50 ||    89
         Petrifying        |       |       |       |       |     2 |       ||     2
 Armour: Leather armour    |    33 |    35 |    85 |       |       |       ||   153
         Skin              |       |     9 |       |       |       |       ||     9
         Troll leather arm |       |       |       |   145 |   146 |    39 ||   330
  Dodge: Dodged            |    81 |   218 |   341 |   535 |   612 |   245 ||  2032
         Repelled          |       |       |     1 |     1 |       |       ||     2
  Block: Other             |       |    23 |    49 |       |       |       ||    72
         Buckler           |       |       |    15 |   418 |   614 |   256 ||  1303
         Reflection        |       |       |       |    22 |    13 |    56 ||    91

Table legend: (Time is in decaauts)
 A = Elapsed time spent in this place.
 B = Non-inter-level travel time spent in this place.
 C = Inter-level travel time spent in this place.
 D = Time resting spent in this place.
 E = Time spent auto-exploring this place.
 F = Levels seen in this place.
 G = Mean time per level.
                   A        B        C        D        E       F      G
               +--------+--------+--------+--------+--------+-----+--------+
         Total |  21968 |  20560 |   1408 |    599 |  13462 |  28 |  784.6 |
       Dungeon |  13040 |  11941 |   1099 |    533 |   7936 |  15 |  869.3 |
        Temple |     87 |     87 |      0 |      0 |     67 |   1 |   87.0 |
          Lair |   5312 |   5042 |    270 |     52 |   3302 |   5 | 1062.4 |
   Spider Nest |    615 |    615 |      0 |      0 |    441 |   1 |  615.0 |
  Orcish Mines |   1486 |   1449 |     37 |      0 |   1025 |   2 |  743.0 |
       Ossuary |    268 |    268 |      0 |      0 |    124 |   1 |  268.0 |
      Ice Cave |    345 |    345 |      0 |      0 |     87 |   1 |  345.0 |
       Volcano |    410 |    410 |      0 |      0 |    294 |   1 |  410.0 |
      Gauntlet |    403 |    403 |      0 |     14 |    185 |   1 |  403.0 |
               +--------+--------+--------+--------+--------+-----+--------+

Top non-repeatable levels by time:
  Lair:5: 1466 daAuts
    D:11: 1186 daAuts
     D:9: 1169 daAuts
    D:12: 1139 daAuts
  Lair:1: 1118 daAuts
    D:10: 1054 daAuts
  Lair:4: 1031 daAuts
    D:14: 980 daAuts
   Orc:2: 956 daAuts
    D:15: 924 daAuts
  Lair:2: 924 daAuts
    D:13: 895 daAuts
     D:4: 886 daAuts
     D:7: 859 daAuts
     D:3: 811 daAuts
